 Dungeon Crawl Stone Soup version 0.20-a0-850-ge5a7832 (webtiles) character file.

29 Alarkh the Skirmisher (level 3, 29/29 HPs)
             Began as a Demonspawn Fighter on Mar 10, 2017.
             Got out of the dungeon alive.
             The game lasted 00:00:40 (775 turns).

Alarkh the Skirmisher (Demonspawn Fighter)           Turns: 775, Time: 00:00:40

Health: 29/29      AC: 10    Str: 16    XL:     3   Next: 1%
Magic:  3/3        EV:  7    Int: 10    God:
Gold:   38         SH:  8    Dex: 12    Spells: 2/2 levels left

rFire    . . .     SeeInvis .   a - +0 long sword
rCold    + . .     Gourm    .   b - +0 scale mail
rNeg     . . .     Faith    .   c - +0 shield
rPois    .         Spirit   .   (helmet restricted)
rElec    .         Reflect  .   (no cloak)
rCorr    .         Harm     .   (no gloves)
MR       +....                  (no boots)
Stlth    ..........             j - amulet of magic regeneration
Regen    0.1/turn               m - ring of protection from magic
MPRegen  0.2/turn               l - +4 ring of protection

@: no status effects
A: horns 1, cold resistance 1
a: no special abilities


You escaped.
You were not hungry.

You visited 1 branch of the dungeon, and saw 1 of its levels.

You collected 38 gold pieces.

Inventory:

Hand Weapons
 a - a +0 long sword (weapon)
Armour
 b - a +0 scale mail (worn)
 c - a +0 shield (worn)
Jewellery
 j - an amulet of magic regeneration (around neck)
 l - a +4 ring of protection (left hand)
 m - a ring of protection from magic (right hand)
Scrolls
 e - a scroll of identify
 o - a scroll of enchant weapon {unknown}
Potions
 d - a potion of might
 h - a potion of curing {unknown}
 k - a potion of heal wounds
 n - 2 potions of degeneration {unknown}
Comestibles
 f - 3 bread rations
 g - 2 chunks of flesh
 i - a royal jelly


   Skills:
 + Level 3.2 Fighting
 * Level 2.2 Long Blades
 + Level 2.9 Armour
 + Level 0.3 Dodging
 + Level 3.0 Shields


You had 2 spell levels left.
You didn't know any spells.

Dungeon Overview and Level Annotations

Branches:
Dungeon (1/15)

Altars:


Innate Abilities, Weirdness & Mutations

You have a pair of small horns on your head.
Your flesh is cold resistant. (rC+)


Message History

Found an escape hatch in the floor.
Some of the chunks of flesh in your inventory have rotted away.
Key pressed, stopping explore.
A dart slug comes into view.
A dart slug is nearby!
You slash the dart slug!
You kill the dart slug!
You have reached level 3!
Your experience leads to an increase in your attributes!
Increase (S)trength, (I)ntelligence, or (D)exterity?
You feel clever.
Your demonic ancestry asserts itself...
You feel resistant to cold.
g - 3 chunks of flesh (gained 2) Done exploring.
Done exploring.
Done exploring.
Some of the chunks of flesh in your inventory have rotted away.
There is a staircase leading out of the dungeon here.
Are you sure you want to leave the Dungeon?
This will make you lose the game!
You have escaped!

##.# #...........#...#.#... .#.##
#.#######.......)#.... ....##
####^# ####..#.#.)###... .....#
##.#######....>......#.... .....#
#..#≈≈≈≈......###...#.#... .....#
#..≈≈≈≈≈....#.# #..##.##.. ....##
#..≈≈≈≈.....#.###..#...#.. .####
#..≈≈≈......#.......###... .#
#..≈≈≈(..@..#......#...#..
.#######..≈≈≈......#.###..##(##..
..>.......≈≈≈......#.# #...#(#...
#########.≈≈≈......#.###...###...
..........#≈≈≈..≈≈###....#.......
#########.#≈≈≈≈≈≈≈# ##.#.#..##..#
#(######### #.#.#.###.## #..#
#.>.......# ##.# ###.###.###


There were no monsters in sight!

Vanquished Creatures
  4 dart slugs (D:1)
  2 leopard geckos (D:1)
  A giant cockroach (D:1)
  2 goblins (D:1)
  A hobgoblin (D:1)
  2 kobolds (D:1)
  3 bats (D:1)
  2 frilled lizards (D:1)
  A rat (D:1)
18 creatures vanquished.

Notes
Turn   | Place    | Note
-------+----------+-------------------------------------------
     0 | D:1      | Alarkh the Demonspawn Fighter began the quest for the Orb.
     0 | D:1      | Reached XP level 1. HP: 18/18 MP: 1/1
   202 | D:1      | Gained mutation: You have a pair of small horns on your head. [demonic ancestry]
   202 | D:1      | Reached XP level 2. HP: 24/24 MP: 2/2
   673 | D:1      | Gained mutation: Your flesh is cold resistant. (rC+) [demonic ancestry]
   673 | D:1      | Reached XP level 3. HP: 29/29 MP: 3/3
   775 | D:$      | Got out of the dungeon alive.

Vault maps used:
D:1:      dpeg_arrival_pond, minmay_ruptured

Skill      XL: |  1  2 |
---------------+-------+-----
Long Blades    | 2 |  2.2
Shields        | 3 |  3.0
Fighting       | |  3.2
Armour         | |  2.9
Dodging        | |  0.3

Action                   || total
-------------------------++-------
Melee: Long sword        ||    48
       Headbutt          ||     4
  Use: Scroll            ||     1
Armor: Scale mail        ||    30
Dodge: Dodged            ||    11
Block: Shield            ||    25
       Rpst.: Long sword ||     3
